 Dungeon Crawl Stone Soup version 0.30-a0-250-g41c1d76940 (webtiles) character file.

Game seed: 2974704470989380388

49 bande the Covered (level 3, -3/24 HPs)
             Began as a Gargoyle Fighter on Oct 12, 2022.
             Slain by an iguana (10 damage)
             ... on level 3 of the Dungeon.
             The game lasted 00:01:59 (1761 turns).

bande the Covered (Gargoyle Fighter)                Turns: 1761, Time: 00:02:00

Health: -3/24      AC: 12    Str: 19    XL:     3   Next: 75%
Magic:  3/3        EV:  7    Int:  8    God:
Gold:   110        SH:  4    Dex: 11    Spells: 2/2 levels left

rFire   . . .      SeeInvis .    a - +0 war axe
rCold   + . .      Faith    .    c - +0 buckler
rNeg    + . .      Spirit   .    f - +0 chain mail
rPois   ∞          Reflect  .    (no helmet)
rElec   +          Harm     .    (no cloak)
rCorr   .          Rampage  .    (no gloves)
Will    .....                    (no boots)
Stlth   ..........               (no amulet)
HPRegen 0.24/turn                e - ring of protection from cold
MPRegen 0.08/turn                (no ring)

@: no status effects
A: sickness immunity, AC +3, negative energy resistance 1, electricity
resistance, torment resistance 1, petrification resistance
a: no special abilities


You were on level 3 of the Dungeon.
You visited 1 branch of the dungeon, and saw 3 of its levels.

You collected 110 gold pieces.

Inventory:

Hand Weapons
 a - a +0 war axe (weapon)
Armour
 c - a +0 buckler (worn)
 f - a +0 chain mail (worn)
Jewellery
 e - a ring of protection from cold (left hand)
Scrolls
 i - a scroll of immolation {unknown}
 k - a scroll of magic mapping {unknown}
 l - a scroll of brand weapon {unknown}
 n - 4 scrolls of identify {unknown}
 r - a scroll of noise {unknown}
Potions
 b - 3 potions of flight {unknown}
 d - a potion of might
 g - a potion of lignification {unknown}
 h - a potion of cancellation {unknown}
 j - a potion of degeneration {unknown}
 m - a potion of curing {unknown}
 o - a potion of haste {unknown}
 p - a potion of mutation {unknown}
 q - a potion of brilliance {unknown}


   Skills:
 + Level 3.8 Fighting
 + Level 2.5 Axes
 + Level 3.8 Armour
 + Level 3.6 Shields


You had 2 spell levels left.
You didn't know any spells.
Your spell library was empty.

Dungeon Overview and Level Annotations

Branches:
Dungeon (3/15)

Altars:


Innate Abilities, Weirdness & Mutations

You are immune to sickness and miasma.
Your stone body is resilient. (AC +3)
You are immune to poison.
You resist negative energy. (rN+)
You are resistant to electric shocks. (rElec)
You are resistant to unholy torment.
You are immune to petrification.


Message History

Done exploring.
You climb downwards.
There is a stone staircase leading up here.
There is a stone staircase leading down here.
You climb downwards.
Found 7 gold pieces.
There is a stone staircase leading up here.
Found a scale mail.
You now have 94 gold pieces (gained 7).
You now have 110 gold pieces (gained 16).
Found an escape hatch in the floor.
n - 4 scrolls labelled GAPHEWYJER (gained 1)
A dart slug comes into view.
The dart slug launches a dart at you.
The slug dart hits you but does no damage.
There is an escape hatch in the floor here.
An iguana comes into view.
Found a stone staircase leading up.
The dart slug launches a dart at you.
The slug dart hits you but does no damage.
You hit the dart slug.
The dart slug is lightly wounded.
The dart slug bites you but does no damage.
You slash the dart slug!
You kill the dart slug!
You hit the iguana.
The iguana is moderately wounded.
The iguana bites you! x2
* * * LOW HITPOINT WARNING * * *
You are too injured to fight recklessly!
You are too injured to fight recklessly!
You are too injured to fight recklessly!
Unknown command.
You barely miss the iguana.
The iguana is moderately wounded.
The iguana bites you but does no damage.
You slash the iguana!
The iguana is severely wounded.
The iguana bites you!
You die...

#.## ..# ...
... #.#
#.#######
#†......< #l#
#@# #># #.#
##.#######
######.........
#......#######.
#<####.# #.#
#.# #.# #.#


You could see an iguana.

Vanquished Creatures
  An adder (D:2)
  A worm (D:2)
  3 dart slugs
  4 ball pythons
  5 endoplasms
  5 goblins
  3 hobgoblins (D:1)
  A frilled lizard (D:1)
  3 kobolds
  5 rats
31 creatures vanquished.

Notes
Turn   | Place    | Note
-------+----------+-------------------------------------------
     0 | D:1      | bande the Gargoyle Fighter began the quest for the Orb.
     0 | D:1      | Reached XP level 1. HP: 14/14 MP: 1/1
   166 | D:1      | Reached XP level 2. HP: 19/19 MP: 2/2
  1001 | D:2      | Found a faded altar of an unknown god.
  1171 | D:2      | Reached XP level 3. HP: 22/23 MP: 3/3
  1761 | D:3      | Slain by an iguana

Illustrated notes

Levels and vault maps discovered:
D:1:      ebering_trefoil_twist, layout_basic
D:2:      layout_basic, hellmonk_ecumenical_altar_inner_sanctum
D:3:      layout_loops_ring, uniq_crazy_yiuf_cottage

Skill      XL: |  1  2 |
---------------+-------+-----
Axes           | 2 |  2.5
Fighting       | |  3.8
Armour         | |  3.8
Shields        | |  3.6

Action                   || total
-------------------------++-------
Melee: War axe           ||    88
Armor: Chain mail        ||    60
Dodge: Dodged            ||    25
Block: Buckler           ||    18

Table legend: (Time is in decaauts)
 A = Elapsed time spent in this place.
 B = Non-inter-level travel time spent in this place.
 C = Inter-level travel time spent in this place.
 D = Time resting spent in this place.
 E = Time spent auto-exploring this place.
 F = Levels seen in this place.
 G = Mean time per level.
                   A        B        C        D        E       F      G
               +--------+--------+--------+--------+--------+-----+--------+
         Total |   1797 |   1705 |     92 |      0 |   1421 |   3 |  599.0 |
       Dungeon |   1797 |   1705 |     92 |      0 |   1421 |   3 |  599.0 |
               +--------+--------+--------+--------+--------+-----+--------+

Top non-repeatable levels by time:
     D:1: 943 daAuts
     D:2: 819 daAuts
     D:3: 33 daAuts
